 Dungeon Sprint DCSS version 0.21.0-3-g78d12a8bdd (webtiles) character file.

16144 Quolop the Ninja (level 12, 0/49 (51) HPs)
             Began as a Spriggan Earth Elementalist on Jan 13, 2018.
             Was the Champion of Dithmenos.
             Slain by a shadow wraith (23 damage)
             ... summoned by a mummy priest
             ... while paralysed by a hornet
             ... in the Dungeon (Sprint I: "Red Sonja").
             The game lasted 00:13:55 (1918 turns).

Quolop the Ninja (Spriggan Earth Elementalist)      Turns: 1918, Time: 00:13:56

HP:   0/49 (51)     AC:  4    Str:  4    XL:     12   Next: 7%
MP:   11/33         EV:  4    Int: 18    God:    Dithmenos [******]
Gold: 1318          SH:  0    Dex: 20    Spells: 31/43 levels left

rFire    + . .     SeeInvis +   a - +3 dagger
rCold    . . .     Gourm    .   (shield restricted)
rNeg     . . .     Faith    .   s - +2 robe of the Cooper {MR+}
rPois    .         Spirit   .   (helmet restricted)
rElec    .         Reflect  .   (no cloak)
rCorr    .         Harm     .   (gloves unavailable)
MR       +++..     NoTele   +   (boots unavailable)
Stlth    ++++++++++             (no amulet)
HPRegen  0.16/turn              A - ring of protection from fire
MPRegen  0.23/turn              (no ring)

@: paralysed, slowed, wreathed by umbra, very quick
A: very small, unfitting armour, see invisible, herbivore, speed 3, slow
metabolism 2
a: Shadow Step, Shadow Form, Renounce Religion


You were in the Dungeon.
You worshipped Dithmenos.
Dithmenos was exalted by your worship.
You were hungry.

You visited 1 branch You collected 3182 gold pieces.
You spent 1864 gold pieces at shops.

Inventory:

Hand Weapons
 a - a +3 dagger (weapon)
 l - a +0 blowgun
Missiles
 b - 79 stones (quivered)
 m - 7 curare-tipped needles
Armour
 c - a +0 robe
 q - a +2 robe of cold resistance
 s - the +2 robe of the Cooper (worn) {MR+}
   (You bought it in a shop in the Dungeon)

   It affects your resistance to hostile enchantments.
Jewellery
 A - a ring of protection from fire (left hand)
 C - the amulet of Discord {+Rage Int+6}
   (You found it in the Dungeon)

   [amulet of rage]

   It affects your intelligence (+6).
   It lets you go berserk.
 D - the amulet of Bopn {Faith Dex+5}
   (You found it in the Dungeon)

   [amulet of faith]

   It allows you to gain divine favour quickly.
   It affects your dexterity (+5).
Wands
 p - a wand of paralysis (8)
 r - a wand of digging (11)
 z - a wand of acid (6)
Scrolls
 j - a scroll of blinking
 o - a scroll of magic mapping {unknown}
 v - 2 scrolls of enchant armour
 y - a scroll of amnesia {unknown}
 B - a scroll of remove curse {unknown}
Potions
 e - 3 potions of curing
 f - a potion of heal wounds
 g - 2 potions of haste
 h - 2 potions of magic
 i - a potion of degeneration {unknown}
 n - 2 potions of resistance
 t - a potion of flight
 x - 2 potions of invisibility
Books
 k - a book of Geomancy

   Spells                             Type                      Level
   a - Sandblast                      Earth                        1
   b - Passwall                       Transmutation/Earth          2
   c - Stone Arrow                    Conjuration/Earth            3
   d - Petrify                        Transmutation/Earth          4
   e - Lee's Rapid Deconstruction     Earth                        5
Comestibles
 d - 3 rations


   Skills:
 + Level 8.2 Short Blades
 - Level 3.0 Dodging
 O Level 27 Stealth
 + Level 16.0 Spellcasting
 + Level 10.3 Transmutations
 + Level 14.4 Earth Magic


You had 31 spell levels left.
You knew the following spells:

 Your Spells              Type           Power        Failure   Level  Hunger
a - Sandblast             Erth           ######       0%          1    None
b - Passwall              Tmut/Erth      ######....   1%          2    None
c - Petrify               Tmut/Erth      ######..     1%          4    None
d - Lee's Rapid Deconstr  Erth           ######....   1%          5    ###....


Dungeon Overview and Level Annotations

Branches:
Dungeon (1/1)

Altars:
Cheibriados
Dithmenos
Elyvilon
Fedhas
Gozag
Hepliaklqana
Kikubaaqudgha
Makhleb
Nemelex Xobeh
Okawaru
Qazlal
Ru
Sif Muna
Trog
Uskayaw
Vehumet
Wu Jian
Xom
Yredelemnul
Zin
The Shining One
Jiyva
Lugonu

Shops:
D }(%}%*!=[%[:!?%[[?

Annotations:
D exclusion: oklob plant


Innate Abilities, Weirdness & Mutations

You are very small and have problems with some larger weapons.
You are too small for most types of armour.
You have supernaturally acute eyesight. (SInv)
You are a herbivore.
You cover ground extremely quickly.
You need consume almost no food.


Message History

The merfolk siren chants a haunting song.
You resist with almost no effort.
Casting: Lee's Rapid Deconstruction
Confirm with . or Enter, or press ? or * to list all spells.
Aiming: Lee's Rapid Deconstruction
Press: ? - help, Dir - move target cursor
Okay, then.
Casting: Lee's Rapid Deconstruction
Confirm with . or Enter, or press ? or * to list all spells.
Which direction?
The hornet misses you. The hellwing closely misses you. x2
The mummy priest mumbles some strange prayers to its god.
You begin to meditate on the wall.
You continue meditating on the rock.
The hornet stings you!
You suddenly lose the ability to move!
The merfolk siren chants a haunting song.
You resist with almost no effort. The hornet stings you.
You feel yourself slow down. The hellwing hits you!
You emit a cloud of dark smoke.
The hellwing barely misses you. The shadow wraith hits you!!
You die...

#####################
§.§§.§.§§'..#^^'§§§.#
###§§§§§##§§'^§#..§§##
##§§§#######+#§§§§§#####
###+# #..#§§§§.#...#
#..##§§§.#.∩)#
#..§###+##...#
#..y@4#.####'#
#.yWy##'#.§§.##
#.WW##..§§§§..##
#W.y#§§^§§§^§..#
P≈Wm##.§.§...§..##
#MWz.#§§.§..§§....#
###..#...§.}......#
+..##...§^.^...##
#..........#


You could see a shadow wraith (invisible), a hellwing, a hungry ghost, 3 hornets
and a wraith.

Vanquished Creatures
  A golden dragon (D)
  A shadow dragon (D)
  A deep elf annihilator (D)
  A hydra (D)
  2 centaur warriors (D)
  Sonja (D)
  2 unseen horrors (D)
  A deep troll (D)
  A lindwurm (D)
  An oklob plant (D)
  A merfolk siren (D)
  4 demonic crawlers (D)
  2 kobold demonologists (D)
  A hornet (D)
  A slime creature (D)
  Sigmund (D)
  2 redbacks (D)
  A yak (D)
  13 hogs (D)
  3 floating eyes (D)
  7 necrophages (D)
  An ogre (D)
  8 jellies (D)
  Ijyb (D)
  4 ballistomycetes (D)
  A ballistomycete spore (D)
63 creatures vanquished.

Vanquished Creatures (others)
  A ballistomycete spore (D)
1 creature vanquished.

Grand Total: 64 creatures vanquished

Notes
Turn   | Place    | Note
-------+----------+-------------------------------------------
     0 | D        | Quolop the Spriggan Earth Elementalist began the quest for the Orb.
     0 | D        | Reached XP level 1. HP: 9/9 MP: 5/5
     2 | D        | Noticed Ijyb
    13 | D        | Killed Ijyb
    13 | D        | Reached skill level 9 in Stealth
    13 | D        | Reached XP level 2. HP: 13/13 MP: 6/6
    91 | D        | Learned a level 2 spell: Passwall
    96 | D        | Noticed an ogre
    96 | D        | Killed an ogre
    96 | D        | Reached skill level 13 in Stealth
    96 | D        | Reached XP level 3. HP: 16/16 MP: 5/8
    96 | D        | Reached XP level 4. HP: 21/21 MP: 5/9
   140 | D        | Found a blossoming altar of Fedhas.
   140 | D        | Found a stormy altar of Qazlal.
   140 | D        | Found a bloodstained altar of Trog.
   140 | D        | Found an iron altar of Okawaru.
   140 | D        | Found a glowing golden altar of the Shining One.
   140 | D        | Found Efoculon's Antique Weapon Emporium.
   140 | D        | Found a glowing silver altar of Zin.
   140 | D        | Found an ancient bone altar of Kikubaaqudgha.
   140 | D        | Found a white marble altar of Elyvilon.
   140 | D        | Found a hide-covered altar of Uskayaw.
   140 | D        | Found a hazy altar of Hepliaklqana.
   140 | D        | Found a basalt altar of Yredelemnul.
   140 | D        | Found an opulent altar of Gozag.
   140 | D        | Found a sparkling altar of Nemelex Xobeh.
   140 | D        | Found a snail-covered altar of Cheibriados.
   140 | D        | Found a sacrificial altar of Ru.
   140 | D        | Found a shadowy altar of Dithmenos.
   140 | D        | Noticed a yak
   141 | D        | Killed a yak
   141 | D        | Reached skill level 14 in Stealth
   141 | D        | Reached skill level 5 in Earth Magic
   141 | D        | Reached XP level 5. HP: 24/24 MP: 8/13
   146 | D        | Became a worshipper of Dithmenos the Shadowed
   182 | D        | Found a deep blue altar of Sif Muna.
   182 | D        | Found a radiant altar of Vehumet.
   182 | D        | Found an ornate altar of the Wu Jian Council.
   185 | D        | Reached skill level 1 in Short Blades
   185 | D        | Reached skill level 15 in Stealth
   185 | D        | Reached skill level 5 in Spellcasting
   185 | D        | Reached XP level 6. HP: 28/28 MP: 14/14
   192 | D        | Learned a level 4 spell: Petrify
   198 | D        | Learned a level 5 spell: Lee's Rapid Deconstruction
   234 | D        | Noticed Sonja
   234 | D        | Killed Sonja
   234 | D        | Reached skill level 17 in Stealth
   234 | D        | Reached XP level 7. HP: 32/32 MP: 13/19
   284 | D        | Noticed Sigmund
   284 | D        | Killed Sigmund
   284 | D        | Reached * piety under Dithmenos
   284 | D        | Reached skill level 5 in Transmutations
   284 | D        | Reached XP level 8. HP: 36/36 MP: 17/20
   306 | D        | Found a viscous altar of Jiyva.
   306 | D        | Found a corrupted altar of Lugonu.
   306 | D        | Found a burning altar of Makhleb.
   306 | D        | Found a shimmering altar of Xom.
   306 | D        | Noticed a slime creature
   306 | D        | Killed a slime creature
   306 | D        | Reached skill level 18 in Stealth
   335 | D        | Noticed a kobold demonologist
   335 | D        | Noticed a kobold demonologist
   335 | D        | Reached ** piety under Dithmenos
   336 | D        | Killed a kobold demonologist
   336 | D        | Reached skill level 19 in Stealth
   345 | D        | Killed a kobold demonologist
   345 | D        | Reached skill level 10 in Earth Magic
   397 | D        | Noticed a lindwurm
   399 | D        | Killed a lindwurm
   399 | D        | Reached *** piety under Dithmenos
   399 | D        | Reached skill level 5 in Short Blades
   399 | D        | Reached skill level 20 in Stealth
   399 | D        | Reached XP level 9. HP: 39/39 MP: 17/23
   477 | D        | Noticed a deep troll
   477 | D        | Killed a deep troll
   477 | D        | Reached skill level 21 in Stealth
   487 | D        | Found Hadathac's Armour Emporium.
   513 | D        | Noticed a centaur warrior
   513 | D        | Noticed a centaur warrior
   513 | D        | Killed a centaur warrior
   513 | D        | Reached skill level 22 in Stealth
   513 | D        | Reached skill level 10 in Spellcasting
   515 | D        | Killed a centaur warrior
   515 | D        | Reached XP level 10. HP: 44/44 MP: 21/25
   545 | D        | Noticed an unseen horror
   545 | D        | Noticed an unseen horror
   545 | D        | Killed an unseen horror
   545 | D        | Reached **** piety under Dithmenos
   545 | D        | Reached skill level 23 in Stealth
   552 | D        | Killed an unseen horror
   688 | D        | Reached skill level 24 in Stealth
   712 | D        | Noticed an oklob plant
   714 | D        | Killed an oklob plant
   719 | D        | Reached ***** piety under Dithmenos
   892 | D        | Reached ****** piety under Dithmenos
   970 | D        | Reached skill level 25 in Stealth
  1085 | D        | Found Hekareza's Gadget Shoppe.
  1085 | D        | Found Batexten's Food Shop.
  1085 | D        | Found Fisash's Food Boutique.
  1087 | D        | Found Otilio's General Store.
  1087 | D        | Found Juseadwu's Distillery.
  1087 | D        | Found Jiesu's Jewellery Shoppe.
  1087 | D        | Found Yzuriud's Antique Armour Boutique.
  1087 | D        | Found Rewamm's Food Emporium.
  1087 | D        | Found Tiruor's Antique Armour Shop.
  1087 | D        | Found Gapoy's Book Shoppe.
  1090 | D        | Bought a wand of digging (11) for 390 gold pieces
  1091 | D        | Found Faeffico's Distillery.
  1092 | D        | Found Goilus's Food Emporium.
  1092 | D        | Found Oguheqa's Magic Scroll Boutique.
  1093 | D        | Found Arghalar's Armour Emporium.
  1097 | D        | Bought an ancient robe for 148 gold pieces
  1099 | D        | Bought a potion of flight for 36 gold pieces
  1104 | D        | Bought a scroll of enchant weapon for 97 gold pieces
  1104 | D        | Bought a scroll of enchant weapon for 97 gold pieces
  1104 | D        | Bought a scroll of enchant armour for 97 gold pieces
  1104 | D        | Bought a scroll of enchant weapon for 97 gold pieces
  1104 | D        | Bought a scroll of identify for 26 gold pieces
  1118 | D        | Bought a potion of invisibility for 80 gold pieces
  1124 | D        | Bought a potion of invisibility for 96 gold pieces
  1124 | D        | Bought a potion of resistance for 120 gold pieces
  1289 | D        | Found Teduck's Gadget Boutique.
  1297 | D        | Bought a wand of acid (6) for 280 gold pieces
  1332 | D        | Reached skill level 10 in Transmutations
  1332 | D        | Reached XP level 11. HP: 45/45 MP: 27/27
  1369 | D        | Reached skill level 26 in Stealth
  1529 | D        | Identified the +2 robe of the Cooper {MR+} (You bought it in a shop in the Dungeon)
  1560 | D        | Noticed a 12-headed hydra
  1562 | D        | Killed a 12-headed hydra
  1633 | D        | Bought an uncursed ring of protection from fire for 300 gold pieces
  1808 | D        | Got a fine copper amulet
  1810 | D        | Identified the amulet of Discord {+Rage Int+6} (You found it in the Dungeon)
  1811 | D        | Noticed a shadow dragon
  1811 | D        | Noticed a golden dragon
  1813 | D        | Killed a shadow dragon
  1813 | D        | Reached skill level 27 in Stealth
  1815 | D        | Killed a golden dragon
  1815 | D        | Reached skill level 15 in Spellcasting
  1817 | D        | Got a scorched ruby amulet
  1818 | D        | Identified the amulet of Bopn {Faith Dex+5} (You found it in the Dungeon)
  1881 | D        | Found Uxza Iro's Magic Scroll Shoppe.
  1912 | D        | Noticed a deep elf annihilator
  1912 | D        | Noticed an oklob plant
  1912 | D        | Noticed a mummy priest
  1912 | D        | Killed a deep elf annihilator
  1912 | D        | Reached XP level 12. HP: 49/49 MP: 29/32
  1918 | D        | Paralysed by a hornet for 2 turns
  1918 | D        | Slain by a shadow wraith

Skill      XL: |  1  2  3  4  5  6  7  8  9 10 11 12 |
---------------+-------------------------------------+-----
Stealth        | 9 13 14 15 17 20 22 25 27 | 27.0
Spellcasting   | 4 5 7 9 10 11 15 16 | 16.0
Transmutations | 2 3 4 5 6 8 10 | 10.3
Earth Magic    | 5 6 8 9 10 11 14 | 14.4
Short Blades   | 1 2 5 6 7 8 |  8.2
Dodging        | |  3.0

Action                   |  1- 3 |  4- 6 |  7- 9 | 10-12 || total
-------------------------+-------+-------+-------+-------++-------
Melee: Unarmed           |    10 |       |       |       ||    10
       Dagger            |     1 |     3 |    14 |   124 ||   142
 Fire: Blowgun           |       |       |       |     8 ||     8
Throw: Stone             |       |       |       |     1 ||     1
 Cast: Passwall          |     1 |     2 |     9 |     3 ||    15
       Petrify           |       |       |     1 |    13 ||    14
       Lee's Rapid Decon |       |       |       |     3 ||     3
       Sandblast         |       |       |       |    24 ||    24
Invok: Shadow Step       |       |       |       |     3 ||     3
  Use: Potion            |     1 |       |       |       ||     1
       Scroll            |       |       |       |     5 ||     5
 Stab: Sleeping          |     1 |     3 |     8 |    24 ||    36
       Petrified         |       |       |     1 |     5 ||     6
       Petrifying        |       |       |       |     1 ||     1
Armor: Robe              |       |       |       |     5 ||     5
Dodge: Dodged            |     4 |       |    15 |    34 ||    53
